Match 45982261
Unlisted

Match 45982261
End
Construct Section Command Post
Royal Engineer Section
Dingo Light Scout Car
Vickers Machine Gun Team
Infantry Section
Infantry Section
Construct Platoon Command Post
Unlock M3 Stuart Light Tanks
6-pounder Anti-tank Gun Team
M3 Stuart Light Tank
Unlock Bishop Self-propelled Artillery
ML 3-inch Mortar Team
Bishop Self-propelled Artillery
CMP 15cwt Truck
Infantry Section
6-pounder Anti-tank Gun Team
Selects Canadian Shock Battlegroup
Selects Incendiary Munitions
Selects Pyrotechnics
Selects Churchill Crocodile Heavy Tank
Churchill Crocodile Heavy Tank
Derlis
thicol14
Seven
mi prima de Cifuentes
0
0

Comments sign in to comment!

No comments posted yet!